[Event "POL-chT 1st League 2020"]
[Site "Ustron"]
[Date "2020.09.07"]
[Round "3.4"]
[White "Klepek, Witold"]
[Black "Praczukowski, Stanislaw"]
[Result "1/2-1/2"]
[ECO "B22"]
[WhiteElo "2159"]
[BlackElo "2173"]
[Annotator "NA"]
[PlyCount "32"]
[EventDate "2020.09.05"]
[EventType "team-tourn"]
[EventCountry "POL"]
[SourceTitle "playchess.com"]
[Source "ChessBase"]
[SourceQuality "1"]
[WhiteTeam "SSz Gminy Pawlowice"]
[BlackTeam "KS LAURA Chylice"]
[WhiteTeamCountry "POL"]
[BlackTeamCountry "POL"]
[TimeControl "40/5400+30:1800+30"]

1. e4 c5 2. c3 Nf6 3. e5 Nd5 4. d4 cxd4 5. cxd4 d6 6. Nf3 Nc6 7. Bc4 Nb6 8. Bb5 dxe5 9. Nxe5 Bd7 $1 10. Nxd7 Qxd7 11. Nc3 Rd8 12. O-O e6 $11 13. Bg5 Be7 14. Bxe7 Qxe7 15. Bxc6+ bxc6 16. Qf3 O-O 1/2-1/2

[Event "POL-chT 1st League 2020"]
[Site "Ustron"]
[Date "2020.09.07"]
[Round "3.5"]
[White "Redzisz, Michal"]
[Black "Sapeta, Robert"]
[Result "1-0"]
[ECO "A56"]
[WhiteElo "2164"]
[BlackElo "1882"]
[Annotator "ChessBase"]
[PlyCount "103"]
[EventDate "2020.09.05"]
[EventType "team-tourn"]
[EventCountry "POL"]
[SourceTitle "playchess.com"]
[Source "ChessBase"]
[SourceQuality "1"]
[WhiteTeam "KS LAURA Chylice"]
[BlackTeam "SSz Gminy Pawlowice"]
[WhiteTeamCountry "POL"]
[BlackTeamCountry "POL"]
[TimeControl "40/5400+30:1800+30"]

1. d4 Nf6 2. c4 c5 3. d5 Ne4 4. f3 Qa5+ 5. Nd2 Nf6 6. e4 d6 7. Bd3 b5 8. cxb5 e6 9. Ne2 Nbd7 10. O-O exd5 11. exd5 Be7 12. Nc4 Qc7 13. Nc3 O-O 14. Re1 Re8 15. Bf4 Bf8 16. Rxe8 Nxe8 17. a4 Ne5 18. Bf1 Nxc4 19. Bxc4 Bf5 20. Bd3 Bd7 21. Qd2 Nf6 22. Bg5 Ne8 23. Rc1 h6 24. Be3 Qd8 25. Ne4 f5 26. Ng3 Qf6 27. f4 g6 28. Qc3 Qf7 29. b4 Bg7 30. Qd2 cxb4 31. Qxb4 Kh7 32. Bc4 Qe7 33. Re1 Qf8 34. a5 Nf6 35. h3 h5 36. b6 axb6 37. axb6 h4 38. Ne2 Qe8 39. Bd4 Ne4 40. b7 Bxd4+ 41. Nxd4 Rb8 42. Qb6 Qh8 43. Nc6 Qc3 44. Rxe4 fxe4 45. Nxb8 Qe1+ 46. Bf1 e3 47. Qxd6 Bb5 48. Qe7+ Kh6 49. Qf8+ Kh7 50. Nd7 Qxf1+ 51. Kh2 Bxd7 52. b8=Q 1-0

[Event "POL-chT 1st League 2020"]
[Site "Ustron"]
[Date "2020.09.07"]
[Round "3.6"]
[White "Marcinczyk, Monika"]
[Black "Moscicka, Pola"]
[Result "1/2-1/2"]
[ECO "B18"]
[WhiteElo "1934"]
[BlackElo "1880"]
[Annotator "ChessBase"]
[PlyCount "55"]
[EventDate "2020.09.05"]
[EventType "team-tourn"]
[EventCountry "POL"]
[SourceTitle "playchess.com"]
[Source "ChessBase"]
[SourceQuality "1"]
[WhiteTeam "SSz Gminy Pawlowice"]
[BlackTeam "KS LAURA Chylice"]
[WhiteTeamCountry "POL"]
[BlackTeamCountry "POL"]
[TimeControl "40/5400+30:1800+30"]

1. e4 c6 2. d4 d5 3. Nc3 dxe4 4. Nxe4 Bf5 5. Ng3 Bg6 6. h4 h6 7. Nf3 e6 8. h5 Bh7 9. Bd3 Bxd3 10. Qxd3 Nf6 11. Bf4 Bd6 12. Be5 Bxe5 13. Nxe5 Qd5 14. c4 Qa5+ 15. Qd2 Qxd2+ 16. Kxd2 Nbd7 17. Kc3 c5 18. Nxd7 cxd4+ 19. Kxd4 O-O-O 20. Kc3 Rxd7 21. Rad1 Rhd8 22. Rxd7 Rxd7 23. f3 Rc7 24. Kd4 Rd7+ 25. Ke3 Rc7 26. Kd4 Rd7+ 27. Kc3 Rc7 28. Kd4 1/2-1/2

[Event "POL-chT 1st League 2020"]
[Site "Ustron"]
[Date "2020.09.07"]
[Round "3.9"]
[White "Olsen, Filip Boe"]
[Black "Kozak, Antoni"]
[Result "1/2-1/2"]
[ECO "D02"]
[WhiteElo "2351"]
[BlackElo "2347"]
[Annotator "ChessBase"]
[PlyCount "99"]
[EventDate "2020.09.05"]
[EventType "team-tourn"]
[EventCountry "POL"]
[SourceTitle "playchess.com"]
[Source "ChessBase"]
[SourceQuality "1"]
[WhiteTeam "Sz.S.O.N. ZAGLEBIE Dabrowa G."]
[BlackTeam "LKSz GCKiP Czarna"]
[WhiteTeamCountry "DEN"]
[BlackTeamCountry "POL"]
[TimeControl "40/5400+30:1800+30"]

1. d4 d5 2. Nf3 Nf6 3. g3 c6 4. Bg2 Bf5 5. O-O e6 6. b3 h6 7. Bb2 Nbd7 8. c4 Be7 9. Nfd2 O-O 10. Nc3 Re8 11. Re1 a5 12. a3 Qb6 13. c5 Qc7 14. e4 dxe4 15. Ncxe4 Nxe4 16. Bxe4 Bxe4 17. Nxe4 Nf6 18. Nd2 b5 19. a4 Rab8 20. axb5 Rxb5 21. Nc4 Nd5 22. Bc1 Reb8 23. Bd2 Rxb3 24. Bxa5 Qb7 25. Bb6 Rb4 26. Ra7 Qc8 27. Qd3 Nxb6 28. Nxb6 Qd8 29. Qc3 Rb5 30. Qf3 Qe8 31. Qf4 Rd8 32. Rea1 Bf6 33. Ra8 Rxb6 34. Rxd8 Qxd8 35. cxb6 Qxb6 36. Qe4 g6 37. Ra4 Qb5 38. Ra8+ Kg7 39. Rc8 Qd5 40. Qc2 Bxd4 41. Qxc6 Qf5 42. Qc2 Qf3 43. Qd2 e5 44. Rc2 h5 45. Qe2 Qb7 46. h3 Qb3 47. Kg2 Qd5+ 48. Kg1 Qb3 49. Kg2 Qd5+ 50. Kg1 1/2-1/2

[Event "POL-chT 1st League 2020"]
[Site "Ustron"]
[Date "2020.09.07"]
[Round "3.11"]
[White "Tymrakiewicz, Rafal"]
[Black "Czernek, Tymon"]
[Result "0-1"]
[ECO "A80"]
[WhiteElo "2245"]
[BlackElo "2267"]
[Annotator "ChessBase"]
[PlyCount "160"]
[EventDate "2020.09.05"]
[EventType "team-tourn"]
[EventCountry "POL"]
[SourceTitle "playchess.com"]
[Source "ChessBase"]
[SourceQuality "1"]
[WhiteTeam "Sz.S.O.N. ZAGLEBIE Dabrowa G."]
[BlackTeam "LKSz GCKiP Czarna"]
[WhiteTeamCountry "POL"]
[BlackTeamCountry "POL"]
[TimeControl "40/5400+30:1800+30"]

1. d4 f5 2. Bg5 g6 3. h4 Bg7 4. Nc3 d6 5. e4 Nf6 6. f3 h6 7. Be3 fxe4 8. Nxe4 Nxe4 9. fxe4 e5 10. d5 Nd7 11. h5 Nf6 12. hxg6 Nxe4 13. Bb5+ Bd7 14. Qf3 Nf6 15. Bxd7+ Qxd7 16. O-O-O O-O-O 17. Ne2 Ng4 18. Nc3 Rdf8 19. Qe2 a6 20. Bg1 Qf5 21. Rh3 Qxg6 22. b4 h5 23. b5 axb5 24. Nxb5 Kd7 25. Rc3 Rc8 26. Na7 e4 27. Qb5+ Ke7 28. Nxc8+ Rxc8 29. Bd4 Nf2 30. Qxb7 Bh6+ 31. Be3 Bxe3+ 32. Rxe3 Nxd1 33. Kxd1 Qg4+ 34. Kc1 Qf4 35. Qxc8 Qxe3+ 36. Kb2 Qd4+ 37. Kc1 Qxd5 38. Qxc7+ Ke6 39. Qh7 Qg5+ 40. Kd1 Qg4+ 41. Kc1 Qf4+ 42. Kb2 e3 43. Qg6+ Kd7 44. Qxh5 Qb4+ 45. Ka1 Qd2 46. Qf7+ Kc6 47. Qc4+ Kb6 48. a4 e2 49. Qb5+ Kc7 50. Qc4+ Kd8 51. Qg8+ Ke7 52. Qg7+ Ke6 53. Qg6+ Ke5 54. Qg7+ Kd5 55. Qf7+ Kc5 56. Qc7+ Kb4 57. Qb6+ Kxa4 58. Qa6+ Kb4 59. Qb6+ Kc3 60. Qb3+ Kd4 61. Qb6+ Ke4 62. Qb7+ Qd5 63. Qh7+ Ke3 64. Qh6+ Kf2 65. Qh4+ Kxg2 66. Qg4+ Kf1 67. Qh3+ Qg2 68. Qd3 Kf2 69. Qd4+ Kg3 70. Qxd6+ Kf2 71. Qd4+ Kf1 72. Qd3 Qg4 73. c4 Kf2 74. Qc2 Qf3 75. c5 Qd5 76. Kb2 Kf1 77. c6 e1=Q 78. c7 Qb4+ 79. Kc1 Qg5+ 80. Kd1 Qd4+ 0-1

[Event "POL-chT 1st League 2020"]
[Site "Ustron"]
[Date "2020.09.07"]
[Round "3.12"]
[White "Wikar, Martyna"]
[Black "Kubicka, Anna"]
[Result "1-0"]
[ECO "B17"]
[WhiteElo "2045"]
[BlackElo "2264"]
[Annotator "ChessBase"]
[PlyCount "111"]
[EventDate "2020.09.05"]
[EventType "team-tourn"]
[EventCountry "POL"]
[SourceTitle "playchess.com"]
[Source "ChessBase"]
[SourceQuality "1"]
[WhiteTeam "LKSz GCKiP Czarna"]
[BlackTeam "Sz.S.O.N. ZAGLEBIE Dabrowa G."]
[WhiteTeamCountry "POL"]
[BlackTeamCountry "POL"]
[TimeControl "40/5400+30:1800+30"]

1. e4 c6 2. d4 d5 3. Nc3 dxe4 4. Nxe4 Nd7 5. Bc4 Ngf6 6. Ng5 e6 7. Qe2 Nb6 8. Bd3 h6 9. N5f3 c5 10. dxc5 Bxc5 11. Ne5 Qc7 12. Ngf3 O-O 13. O-O Bd7 14. c3 Bc6 15. Nxc6 Qxc6 16. Ne5 Qc7 17. Bf4 Nbd5 18. Bg3 Bd6 19. Rad1 Rad8 20. Bb1 b5 21. Rfe1 a6 22. Qc2 g6 23. Rd4 Bxe5 24. Bxe5 Qe7 25. Qd2 Kh7 26. b3 Nd7 27. Bg3 Qg5 28. f4 Qh5 29. c4 bxc4 30. bxc4 N5f6 31. f5 gxf5 32. Bc7 Rc8 33. Rxd7 Nxd7 34. Qxd7 Rce8 35. c5 Rg8 36. Qd2 Rg4 37. g3 Reg8 38. Bf4 Qg6 39. Qe3 Qf6 40. c6 Qh4 41. Kh1 Qd8 42. Qf3 Qa5 43. Rc1 R4g6 44. c7 Rc8 45. Qb7 Rgg8 46. Qc6 h5 47. Qc5 Qa4 48. Bxf5+ exf5 49. Qxf5+ Rg6 50. Qxf7+ Rg7 51. Qf5+ Rg6 52. Qxh5+ Kg7 53. Be5+ Rf6 54. Qg5+ Kh7 55. Bxf6 Qe4+ 56. Kg1 1-0

[Event "POL-chT 1st League 2020"]
[Site "Ustron"]
[Date "2020.09.07"]
[Round "3.15"]
[White "Budrewicz, Krzysztof"]
[Black "Licznerski, Lukasz"]
[Result "0-1"]
[ECO "A57"]
[WhiteElo "2227"]
[BlackElo "2377"]
[Annotator "ChessBase"]
[PlyCount "134"]
[EventDate "2020.09.05"]
[EventType "team-tourn"]
[EventCountry "POL"]
[SourceTitle "playchess.com"]
[Source "ChessBase"]
[SourceQuality "1"]
[WhiteTeam "Gostmat Gostynin"]
[BlackTeam "UKS RODLO Opole"]
[WhiteTeamCountry "POL"]
[BlackTeamCountry "POL"]
[TimeControl "40/5400+30:1800+30"]

1. d4 Nf6 2. c4 c5 3. d5 b5 4. Nd2 d6 5. e4 g6 6. cxb5 a6 7. a4 Bg7 8. Ngf3 O-O 9. Ra3 Nbd7 10. Be2 Ne8 11. O-O Nc7 12. bxa6 Bxa6 13. Bxa6 Nxa6 14. Nc4 Nb6 15. Ne3 Nb4 16. a5 Nd7 17. Nc4 Qb8 18. Bg5 Qb5 19. b3 Nf6 20. Re1 h6 21. Bc1 Ra6 22. Bb2 Re8 23. Qd2 e6 24. Bxf6 Bxf6 25. e5 dxe5 26. d6 Rd8 27. Nfxe5 Bg5 28. Qe2 Qb7 29. g3 Bf6 30. f4 Nc6 31. Qe4 Qb5 32. Nxc6 Rxc6 33. Rd1 Ra6 34. Rd3 h5 35. Ra2 Qb4 36. Ra4 Qb5 37. Ra2 Qb4 38. Ra4 Qb5 39. Kg2 Rb8 40. Kf3 Kf8 41. Ra2 Bd4 42. Rad2 f5 43. Qe1 Qc6+ 44. Ke2 Qd5 45. Kd1 Ra7 46. Qf1 Ke8 47. Qf3 Kd8 48. Ke2 Rb4 49. Kd1 Ra6 50. Qe2 Qh1+ 51. Qe1 Qe4 52. Qf1 Rxc4 53. bxc4 Rxa5 54. Rc2 Be3 55. Ke2 Ra1 56. Qxa1 Bd4+ 57. Kd2 Bxa1 58. Re3 Qh1 59. Rc1 Qg2+ 60. Re2 Qa8 61. Rxe6 Bd4 62. Rc2 Kd7 63. Re2 Qa5+ 64. Kd3 Qa3+ 65. Kd2 Kxd6 66. Ke1 Qf3 67. Kd2 h4 0-1

[Event "POL-chT 1st League 2020"]
[Site "Ustron"]
[Date "2020.09.07"]
[Round "3.16"]
[White "Godzwon, Iwo"]
[Black "Reza, Wojciech"]
[Result "1/2-1/2"]
[ECO "B67"]
[WhiteElo "2317"]
[BlackElo "2273"]
[Annotator "ChessBase"]
[PlyCount "98"]
[EventDate "2020.09.05"]
[EventType "team-tourn"]
[EventCountry "POL"]
[SourceTitle "playchess.com"]
[Source "ChessBase"]
[SourceQuality "1"]
[WhiteTeam "UKS RODLO Opole"]
[BlackTeam "Gostmat Gostynin"]
[WhiteTeamCountry "POL"]
[BlackTeamCountry "POL"]
[TimeControl "40/5400+30:1800+30"]

1. e4 c5 2. Nf3 Nc6 3. d4 cxd4 4. Nxd4 Nf6 5. Nc3 d6 6. Bg5 e6 7. Qd2 a6 8. O-O-O Bd7 9. f3 h6 10. Be3 Be7 11. g4 Rc8 12. h4 Nxd4 13. Bxd4 Qa5 14. Kb1 e5 15. Be3 Be6 16. Nd5 Qxd2 17. Nxf6+ Bxf6 18. Rxd2 Rc6 19. Be2 Bd8 20. f4 Ba5 21. c3 Bc4 22. Bf3 Bb6 23. Bxb6 Rxb6 24. f5 f6 25. b3 Bf7 26. c4 Ke7 27. Ka1 Rc6 28. Rhd1 b6 29. Be2 g6 30. Bd3 Rg8 31. Rg1 a5 32. Rdg2 g5 33. hxg5 Rxg5 34. Be2 Rc8 35. Kb2 Rcg8 36. Kc3 h5 37. Bf3 hxg4 38. Rxg4 Rxg4 39. Rxg4 Rxg4 40. Bxg4 Be8 41. Kd3 Kf8 42. Bd1 Kg7 43. Ke3 Kh6 44. Kf2 Kg5 45. Kg3 Bc6 46. Bc2 Bd7 47. a4 Bc6 48. Bd3 Be8 49. Be2 Bc6 1/2-1/2

[Event "POL-chT 1st League 2020"]
[Site "Ustron"]
[Date "2020.09.07"]
[Round "3.17"]
[White "Renkowski, Piotr"]
[Black "Kowalczyk, Pawel"]
[Result "0-1"]
[ECO "B01"]
[WhiteElo "2149"]
[BlackElo "2339"]
[Annotator "ChessBase"]
[PlyCount "52"]
[EventDate "2020.09.05"]
[EventType "team-tourn"]
[EventCountry "POL"]
[SourceTitle "playchess.com"]
[Source "ChessBase"]
[SourceQuality "1"]
[WhiteTeam "Gostmat Gostynin"]
[BlackTeam "UKS RODLO Opole"]
[WhiteTeamCountry "POL"]
[BlackTeamCountry "POL"]
[TimeControl "40/5400+30:1800+30"]

1. e4 d5 2. exd5 Nf6 3. d4 Nxd5 4. Nf3 Bf5 5. Bd3 Bxd3 6. Qxd3 e6 7. O-O c6 8. c3 Bd6 9. Nbd2 O-O 10. Ne4 h6 11. Ne5 Bc7 12. Qh3 Nd7 13. f4 N7f6 14. Nxf6+ Nxf6 15. Be3 Qd5 16. f5 Rae8 17. Bxh6 gxh6 18. Qxh6 Bxe5 19. dxe5 Qxe5 20. Rae1 Ng4 21. Qh4 Qc5+ 22. Kh1 exf5 23. h3 Rxe1 24. Rxe1 Nf2+ 25. Kh2 Qd6+ 26. Kg1 Ne4 0-1

[Event "POL-chT 1st League 2020"]
[Site "Ustron"]
[Date "2020.09.07"]
[Round "3.18"]
[White "Starosta, Martyna"]
[Black "Dwilewicz, Katarzyna"]
[Result "1/2-1/2"]
[ECO "C67"]
[WhiteElo "2038"]
[BlackElo "2134"]
[Annotator "ChessBase"]
[PlyCount "122"]
[EventDate "2020.09.05"]
[EventType "team-tourn"]
[EventCountry "POL"]
[SourceTitle "playchess.com"]
[Source "ChessBase"]
[SourceQuality "1"]
[WhiteTeam "UKS RODLO Opole"]
[BlackTeam "Gostmat Gostynin"]
[WhiteTeamCountry "POL"]
[BlackTeamCountry "POL"]
[TimeControl "40/5400+30:1800+30"]

1. e4 e5 2. Nf3 Nc6 3. Bb5 Nf6 4. O-O Nxe4 5. d4 Nd6 6. Bxc6 dxc6 7. dxe5 Nf5 8. Qxd8+ Kxd8 9. h3 h5 10. b3 Ke8 11. Bb2 Be7 12. Nbd2 Rh6 13. Ne4 b6 14. c4 Rg6 15. Kh2 Bb7 16. c5 Rd8 17. Rac1 Rd5 18. b4 Bc8 19. Rfe1 Kf8 20. Rc2 Rd3 21. Rc3 Ba6 22. Rec1 Rxc3 23. Rxc3 Bb7 24. Ra3 a6 25. Rd3 Ke8 26. Nfd2 b5 27. Nf3 Bc8 28. Ned2 a5 29. bxa5 Bxc5 30. Bd4 Nxd4 31. Nxd4 Bxd4 32. Rxd4 c5 33. Rh4 Bb7 34. f3 Rg5 35. a4 b4 36. Rc4 Rxe5 37. Nb3 Ba6 38. Rxc5 Rxc5 39. Nxc5 Bc4 40. a6 Bd5 41. a7 Ke7 42. Kg3 Kd6 43. Nb3 c5 44. Nd2 Kc7 45. Nc4 Ba8 46. Kf4 f6 47. Kf5 Kb7 48. Ke6 Kxa7 49. Kd6 b3 50. Kxc5 g5 51. Kb4 h4 52. Kxb3 g4 53. Ne3 gxf3 54. gxf3 Bxf3 55. Nf5 Bg2 56. Nxh4 Bxh3 57. Kc4 Kb6 58. Kd5 Ka5 59. Kd6 Kxa4 60. Ke7 f5 61. Nxf5 Bxf5 1/2-1/2

[Event "POL-chT 1st League 2020"]
[Site "Ustron"]
[Date "2020.09.07"]
[Round "3.24"]
[White "Kucharska, Honorata"]
[Black "Przezdziecka, Ewa"]
[Result "1/2-1/2"]
[ECO "D02"]
[WhiteElo "2237"]
[BlackElo "2166"]
[Annotator "ChessBase"]
[PlyCount "77"]
[EventDate "2020.09.05"]
[EventType "team-tourn"]
[EventCountry "POL"]
[SourceTitle "playchess.com"]
[Source "ChessBase"]
[SourceQuality "1"]
[WhiteTeam "MKSz Rybnik"]
[BlackTeam "Bialy Krol Wisznia Mala"]
[WhiteTeamCountry "POL"]
[BlackTeamCountry "POL"]
[TimeControl "40/5400+30:1800+30"]

1. d4 d5 2. Nf3 Nf6 3. Bf4 e6 4. e3 Bd6 5. Bg3 O-O 6. Bd3 b6 7. Nbd2 Bb7 8. O-O Bxg3 9. hxg3 Nbd7 10. c4 c5 11. b3 cxd4 12. exd4 dxc4 13. bxc4 Nc5 14. Bc2 Nce4 15. Qe2 Nxd2 16. Qxd2 Be4 17. Bxe4 Nxe4 18. Qe3 Nd6 19. Rac1 Rc8 20. Qd3 Qf6 21. c5 Nf5 22. c6 Rfd8 23. Rfd1 Rd6 24. Qe4 Qd8 25. g4 Ne7 26. Ng5 Ng6 27. f4 h6 28. Nf3 Ne7 29. g5 Rdxc6 30. Rxc6 Rxc6 31. Ne5 Rc7 32. gxh6 gxh6 33. Ng4 Nf5 34. Qe5 Rc8 35. d5 Rc5 36. Nf6+ Kf8 37. Nh7+ Kg8 38. Nf6+ Kf8 39. Nh7+ 1/2-1/2

[Event "POL-chT 1st League 2020"]
[Site "Ustron"]
[Date "2020.09.07"]
[Round "3.26"]
[White "Paszewski, Mateusz"]
[Black "Janaszak, Dawid"]
[Result "1/2-1/2"]
[ECO "C55"]
[WhiteElo "2275"]
[BlackElo "2356"]
[Annotator "ChessBase"]
[PlyCount "61"]
[EventDate "2020.09.05"]
[EventType "team-tourn"]
[EventCountry "POL"]
[SourceTitle "playchess.com"]
[Source "ChessBase"]
[SourceQuality "1"]
[WhiteTeam "SEMPAI UKS HETMAN Cz."]
[BlackTeam "OTSz Ostrow Wielkopolski"]
[WhiteTeamCountry "POL"]
[BlackTeamCountry "POL"]
[TimeControl "40/5400+30:1800+30"]

1. e4 e5 2. Nf3 Nc6 3. Bc4 Nf6 4. d3 h6 5. O-O d6 6. c3 g6 7. Re1 Bg7 8. Bb3 O-O 9. Nbd2 Qe8 10. h3 Kh8 11. Nc4 Nh5 12. d4 Bd7 13. Ne3 Rc8 14. Nd5 Nd8 15. dxe5 dxe5 16. Be3 Ne6 17. Qd2 g5 18. Rad1 Bc6 19. g3 a5 20. Qe2 f6 21. Kh2 Rf7 22. Rd2 Bf8 23. Red1 Nhg7 24. Ne1 Rd8 25. Ng2 Bd6 26. Bc2 Bb5 27. Bd3 Ba4 28. Bc2 Bb5 29. Bd3 Ba4 30. Bc2 Bb5 31. Ra1 1/2-1/2

[Event "POL-chT 1st League 2020"]
[Site "Ustron"]
[Date "2020.09.07"]
[Round "3.27"]
[White "Dudzinski, Pawel"]
[Black "Ciesla, Adam"]
[Result "1/2-1/2"]
[ECO "C42"]
[WhiteElo "2199"]
[BlackElo "2294"]
[Annotator "ChessBase"]
[PlyCount "49"]
[EventDate "2020.09.05"]
[EventType "team-tourn"]
[EventCountry "POL"]
[SourceTitle "playchess.com"]
[Source "ChessBase"]
[SourceQuality "1"]
[WhiteTeam "OTSz Ostrow Wielkopolski"]
[BlackTeam "SEMPAI UKS HETMAN Cz."]
[WhiteTeamCountry "POL"]
[BlackTeamCountry "POL"]
[TimeControl "40/5400+30:1800+30"]

1. e4 e5 2. Nf3 Nf6 3. Nxe5 Nxe4 4. Qe2 Qe7 5. d3 Qxe5 6. Qxe4 Qxe4+ 7. dxe4 Nc6 8. Be3 Bb4+ 9. c3 Be7 10. Nd2 d6 11. h3 f5 12. Bd3 O-O 13. f4 Bh4+ 14. Ke2 Ne7 15. Bc4+ Kh8 16. e5 dxe5 17. Nf3 exf4 18. Bxf4 Ng6 19. Bxc7 Bd7 20. Nxh4 Nxh4 21. Bd5 f4 22. Kf2 Bc6 23. Bxc6 bxc6 24. Rhd1 Rae8 25. Re1 1/2-1/2

[Event "POL-chT 1st League 2020"]
[Site "Ustron"]
[Date "2020.09.07"]
[Round "3.28"]
[White "Tomaszewski, Roman"]
[Black "Szyszylo, Rafal"]
[Result "1/2-1/2"]
[ECO "B09"]
[WhiteElo "2206"]
[BlackElo "2188"]
[Annotator "ChessBase"]
[PlyCount "122"]
[EventDate "2020.09.05"]
[EventType "team-tourn"]
[EventCountry "POL"]
[SourceTitle "playchess.com"]
[Source "ChessBase"]
[SourceQuality "1"]
[WhiteTeam "SEMPAI UKS HETMAN Cz."]
[BlackTeam "OTSz Ostrow Wielkopolski"]
[WhiteTeamCountry "POL"]
[BlackTeamCountry "POL"]
[TimeControl "40/5400+30:1800+30"]

1. e4 d6 2. d4 g6 3. Nc3 Bg7 4. f4 Nf6 5. Nf3 c5 6. e5 Nfd7 7. exd6 O-O 8. Be3 exd6 9. Qd2 Nc6 10. O-O-O a6 11. f5 cxd4 12. Nxd4 Nxd4 13. Bxd4 Bxd4 14. Qxd4 Qg5+ 15. Kb1 Qxf5 16. Qxd6 Qe5 17. Bc4 Qxd6 18. Rxd6 Nc5 19. b4 Be6 20. Be2 Nd7 21. Ne4 Ne5 22. Nc5 Bc4 23. Nd7 Bxe2 24. Nxe5 Rad8 25. Rxd8 Rxd8 26. Re1 Rd1+ 27. Rxd1 Bxd1 28. a4 Be2 29. Kc1 Bf1 30. g3 Kf8 31. Kd2 Ke7 32. Ke3 f6 33. Ng4 h5 34. Nf2 Bg2 35. a5 Ke6 36. Kd4 Bc6 37. c4 g5 38. Nd3 Kf5 39. Ke3 Kg4 40. Nf2+ Kf5 41. Kd4 Bg2 42. b5 axb5 43. cxb5 h4 44. Kc5 hxg3 45. hxg3 Ke6 46. Kb6 f5 47. a6 bxa6 48. bxa6 Kd7 49. Kc5 Ke6 50. a7 Ke5 51. Nd3+ Ke6 52. Kd4 Kd6 53. Ne5 Kc7 54. Nf7 Kb7 55. Nxg5 Kxa7 56. Ke5 Kb6 57. Kxf5 Kc6 58. Kf6 Bf1 59. Nf3 Bh3 60. Nd4+ Kd7 61. Ne2 Bg4 1/2-1/2

[Event "POL-chT 1st League 2020"]
[Site "Ustron"]
[Date "2020.09.07"]
[Round "3.29"]
[White "Kucza, Karol"]
[Black "Flis, Jacek"]
[Result "1/2-1/2"]
[ECO "B48"]
[WhiteElo "2285"]
[BlackElo "2214"]
[Annotator "ChessBase"]
[PlyCount "123"]
[EventDate "2020.09.05"]
[EventType "team-tourn"]
[EventCountry "POL"]
[SourceTitle "playchess.com"]
[Source "ChessBase"]
[SourceQuality "1"]
[WhiteTeam "OTSz Ostrow Wielkopolski"]
[BlackTeam "SEMPAI UKS HETMAN Cz."]
[WhiteTeamCountry "POL"]
[BlackTeamCountry "POL"]
[TimeControl "40/5400+30:1800+30"]

1. e4 c5 2. Nf3 e6 3. d4 cxd4 4. Nxd4 Nc6 5. Nc3 Qc7 6. Be3 a6 7. Qd2 Nf6 8. O-O-O Be7 9. f4 d5 10. exd5 exd5 11. Nb3 O-O 12. Nxd5 Nxd5 13. Qxd5 Bg4 14. Re1 Rad8 15. Qe4 Bb4 16. Bc5 Bxc5 17. Nxc5 Nd4 18. Bd3 g6 19. Qe5 Rc8 20. Qxd4 Rfd8 21. Qe5 Qxc5 22. Qxc5 Rxc5 23. Re3 Be6 24. a3 Bd5 25. Rg1 Rc7 26. g3 Kg7 27. Rge1 Be6 28. Be4 Kf6 29. Rd1 Rxd1+ 30. Kxd1 Bf5 31. Bxf5 Kxf5 32. h3 f6 33. c3 h5 34. Rf3 Rd7+ 35. Ke2 h4 36. gxh4 Rh7 37. Kf2 Rxh4 38. Kg3 Rh7 39. Rd3 Re7 40. Rd5+ Ke6 41. c4 Rc7 42. b3 b5 43. Rd4 a5 44. Kg4 bxc4 45. Rxc4 Rb7 46. Rc6+ Kf7 47. Rc3 Rb5 48. Kf3 Ke6 49. Ke4 Kd6 50. Rd3+ Ke6 51. Rg3 Kd6 52. h4 Ke6 53. Re3 Kd6 54. Kf3 Rf5 55. Kg4 Rb5 56. Rf3 Ke6 57. f5+ gxf5+ 58. Kf4 Rd5 59. Re3+ Kf7 60. h5 Rd4+ 61. Kxf5 Rh4 62. Rc3 1/2-1/2

[Event "POL-chT 1st League 2020"]
[Site "Ustron"]
[Date "2020.09.07"]
[Round "3.30"]
[White "Lach, Aleksandra"]
[Black "Czerwinska, Milena"]
[Result "1-0"]
[ECO "E71"]
[WhiteElo "2188"]
[BlackElo "2010"]
[Annotator "ChessBase"]
[PlyCount "155"]
[EventDate "2020.09.05"]
[EventType "team-tourn"]
[EventCountry "POL"]
[SourceTitle "playchess.com"]
[Source "ChessBase"]
[SourceQuality "1"]
[WhiteTeam "SEMPAI UKS HETMAN Cz."]
[BlackTeam "OTSz Ostrow Wielkopolski"]
[WhiteTeamCountry "POL"]
[BlackTeamCountry "POL"]
[TimeControl "40/5400+30:1800+30"]

1. d4 Nf6 2. c4 g6 3. Nc3 d6 4. e4 Bg7 5. h3 O-O 6. Be3 e5 7. d5 c6 8. g4 cxd5 9. cxd5 Qa5 10. Qd2 a6 11. b4 Qd8 12. Nge2 b5 13. Ng3 Nbd7 14. a4 bxa4 15. Nxa4 Ne8 16. Nb2 Nb6 17. Be2 Bb7 18. Rc1 Rc8 19. O-O Nf6 20. Rxc8 Bxc8 21. Rc1 Bb7 22. Bxb6 Qxb6 23. Nc4 Qd8 24. g5 Ne8 25. Na5 Qb6 26. Nxb7 Qxb7 27. Rc6 Nc7 28. Rxd6 Rb8 29. Rd7 Qb6 30. d6 Ne6 31. Bc4 Bf8 32. Qd5 Re8 33. Rb7 Qxd6 34. Qxd6 Bxd6 35. Bxe6 Rxe6 36. Nf1 f6 37. gxf6 Rxf6 38. Ne3 Rf7 39. Rb6 Bf8 40. Ng4 Ra7 41. Nxe5 Re7 42. Ng4 Ra7 43. Nf6+ Kg7 44. e5 h5 45. Kg2 a5 46. bxa5 Rxa5 47. Rb7+ Kh6 48. Rh7+ Kg5 49. Rf7 Ba3 50. Ne4+ Kh6 51. f4 Bc1 52. h4 Bxf4 53. Rxf4 Rxe5 54. Ng5 Re7 55. Rf6 Kg7 56. Ra6 Rb7 57. Ne6+ Kh7 58. Nf8+ Kg7 59. Nxg6 Rb4 60. Kf3 Rg4 61. Ne7 Kf7 62. Nf5 Rb4 63. Rh6 Ra4 64. Kg3 Rg4+ 65. Kh3 Rf4 66. Ng3 Ra4 67. Nxh5 Rb4 68. Kg3 Ra4 69. Nf4 Kg7 70. Rd6 Kh7 71. Kg4 Kg7 72. Rd5 Kh7 73. Kg5 Ra1 74. Rd7+ Kg8 75. h5 Rg1+ 76. Kh6 Rf1 77. Ng6 Rg1 78. Rg7# 1-0

[Event "POL-chT 1st League 2020"]
[Site "Ustron"]
[Date "2020.09.08"]
[Round "4.2"]
[White "Paszewski, Mateusz"]
[Black "Wiewiora, Eneasz"]
[Result "0-1"]
[ECO "E81"]
[WhiteElo "2275"]
[BlackElo "2346"]
[Annotator "ChessBase"]
[PlyCount "212"]
[EventDate "2020.09.05"]
[EventType "team-tourn"]
[EventCountry "POL"]
[SourceTitle "playchess.com"]
[Source "ChessBase"]
[SourceQuality "1"]
[TimeControl "40/5400+30:1800+30"]

1. c4 Nf6 2. d4 g6 3. f3 Bg7 4. e4 O-O 5. Nc3 d6 6. Nge2 c5 7. d5 e6 8. Ng3 exd5 9. cxd5 a6 10. a4 Nbd7 11. Be2 Rb8 12. O-O Re8 13. Be3 h5 14. Bg5 Qc7 15. Qd2 c4 16. a5 b5 17. axb6 Qxb6+ 18. Be3 Qc7 19. Na4 Ne5 20. Rfc1 h4 21. Nh1 Bd7 22. Nf2 Bb5 23. h3 Nh7 24. Bd4 f5 25. Nc3 Qf7 26. Nxb5 axb5 27. Ra7 Re7 28. Rxe7 Qxe7 29. Ra1 f4 30. Ra7 Rb7 31. Ra8+ Nf8 32. Qxf4 Nxf3+ 33. Bxf3 Bxd4 34. Bg4 Qf6 35. Qxf6 Bxf6 36. Nd1 Kg7 37. Kf2 Bd4+ 38. Ke2 Nh7 39. Rd8 Ng5 40. Rd7+ Rxd7 41. Bxd7 b4 42. Bb5 Nxe4 43. Bxc4 Kf6 44. Ne3 Bxb2 45. Ng4+ Kg5 46. Nf2 Ng3+ 47. Kf3 Nf5 48. Ne4+ Kh6 49. Ke2 Be5 50. Kd3 Ng7 51. Nd2 Nh5 52. Ke4 Ng3+ 53. Kd3 Bf4 54. Nf3 g5 55. Nd4 Be5 56. Nc2 Bc3 57. Ne3 Kg6 58. Bb3 Kf6 59. Bd1 Ke5 60. Bf3 Kf4 61. Bd1 Ne4 62. Ng4 Nc5+ 63. Kc4 Be1 64. Nh6 Ne4 65. Nf7 Kg3 66. Bc2 Nf6 67. Nxd6 Kxg2 68. Nf7 Kxh3 69. Nxg5+ Kg4 70. Ne4 Nd7 71. Nc5 Nb6+ 72. Kb5 Nxd5 73. Nd3 Bc3 74. Nf2+ Kf3 75. Nh3 Ne3 76. Bb3 Kg3 77. Ng5 h3 78. Nxh3 Kxh3 79. Ka4 Kg3 80. Bg8 Kf4 81. Kb3 Ke5 82. Bf7 Kd4 83. Bg8 Nf5 84. Kc2 Kc5 85. Kb3 Nd4+ 86. Ka2 Kb5 87. Bf7 Ka5 88. Be8 b3+ 89. Ka3 Bd2 90. Kb2 Kb4 91. Bf7 Bc3+ 92. Kb1 Ka3 93. Bg8 Nf3 94. Bxb3 Kxb3 95. Kc1 Nd4 96. Kd1 Kc4 97. Kc1 Kd3 98. Kb1 Bb4 99. Kb2 Kd2 100. Kb1 Ba3 101. Ka2 Bc1 102. Kb1 Kd1 103. Ka2 Kc2 104. Ka1 Nc6 105. Ka2 Nb4+ 106. Ka1 Bb2# 0-1